 Dungeon Crawl Stone Soup version 0.32-a0-40-g2adb59a (webtiles) character file.

Game seed: 1011907506331330152

170 Dorkslayer the Ruffian (level 5, -16/33 HPs)
             Began as an Octopode Shapeshifter on Jan 24, 2024.
             Demolished by Duvessa
             ... wielding a +0 rapier
              (17 damage)
             ... on level 4 of the Dungeon.
             The game lasted 00:05:27 (2309 turns).

Dorkslayer the Ruffian (Octopode Shapeshifter)      Turns: 2309, Time: 00:05:27

Health: -16/33     AC:  1    Str: 16    XL:     5   Next: 50%
Magic:  5/5        EV: 13    Int: 12    God:
Gold:   115        SH:  5    Dex: 11    Spells: 4/4 levels left

rFire   . .          .
                       - Unarmed
rCold   . . .        (no shield)
rNeg    . . .        (helmet currently unavailable)
rPois   .            a - amulet of reflection
rElec   .            p - +4 ring of slaying
rCorr   .            (no ring)
SInv    .            (no ring)
Will    .....        (no ring)
Stlth   +++          (no ring)
HPRegen 0.25/turn    (no ring)
MPRegen 0.09/turn    (no ring)
                     (no ring)

%: reflection
@: beast-form
A: beast (slay +1), almost no armour, amphibious, 8 rings, camouflage 1,
gelatinous body 1, (nimble swimmer 1), tentacles
a: Begin Untransformation


You were on level 4 of the Dungeon.
You were a hulking beast.
You visited 1 branch of the dungeon, and saw 4 of its levels.

You collected 115 gold pieces.

Inventory:

Jewellery
 a - an amulet of reflection (around mantle)
 f - a ring of willpower
 p - a +4 ring of slaying (left tentacle)
Talismans
 b - a beast talisman
 c - a flux talisman
Wands
 m - a wand of mindburst (1)
Scrolls
 e - a scroll of fear
 l - a scroll of vulnerability {unknown}
 o - a scroll of brand weapon
Potions
 d - 2 potions of brilliance
 g - a potion of attraction {unknown}
 h - a potion of heal wounds
 i - 2 potions of cancellation {unknown}
 j - 3 potions of curing
 k - 2 potions of magic {unknown}
 n - a potion of ambrosia {unknown}


   Skills:
 + Level 1.2 Fighting
 + Level 2.1 Dodging
 + Level 3.0 Stealth
 + Level 0.2 Shields
 * Level 5.0 Unarmed Combat
 + Level 3.4 Shapeshifting


You had 4 spell levels left.
You didn't know any spells.
Your spell library contained the following spells:

 Spells                   Type           Power      Damage    Failure   Level
 Apportation              Tloc           0%         N/A       32%         1
 Necrotise                Necr           0%         1d4       32%         1
 Sting                    Conj/Alch      0%         1d3       32%         1
 Summon Small Mammal      Summ           0%         N/A       32%         1
 Call Imp                 Summ           0%         N/A       45%         2
 Sublimation of Blood     Necr           0%         N/A       45%         2
 Summon Hydra             Summ           0%         N/A       100%        7


Dungeon Overview and Level Annotations

Branches:
Dungeon (4/15)
 Temple: D:4-7

Altars:
Cheibriados
Elyvilon
Sif Muna

Annotations:
D:4 Duvessa


Innate Abilities, Weirdness & Mutations

You are a hulking beast.
Your limbs bulge with bestial killing power. (Slay +1)
You cannot wear most types of armour.
You are amphibious.
You can wear up to eight rings at the same time.
Your skin changes colour to match your surroundings (Stealth+).
Your rubbery body absorbs attacks. (AC +1, EV +1)
((You are camouflaged when in or above water. (Stealth+)))
You have tentacles for arms and can constrict up to eight enemies at once.


Message History

The ufetubus barely misses you. Dowan casts a spell at you.
You resist with some effort.
Aiming: Mindburst
Press: ? - help, Shift-Dir - straight line, f/p - Dowan
Aim: Dowan, wielding a +2 dagger of speed and wearing a +0 robe (almost dead, chance to affect: 64%) Dowan's mind is blasted!
You blow up Dowan!
You hear a distant scream of rage.
You constrict the ufetubus. The ufetubus hits you. x2
* * * LOW HITPOINT WARNING * * *
The ufetubus hits you.
* * * LOW HITPOINT WARNING * * *
The ufetubus closely misses you.
Your Stealth skill increases to level 3!
Your Unarmed Combat skill increases to level 5!
You feel much better.
You constrict the ufetubus. The ufetubus slips past you! The ufetubus hits you.
You block the ufetubus's attack. The ufetubus hits you.
The ufetubus barely misses you.
You release your grip on the ufetubus.
Duvessa goes berserk!
The ufetubus hits you but does no damage.
The ufetubus misses you.
You see here an adder corpse.
As you read the scroll labelled BEADWA YJUWIE, it crumbles to dust.
You assume a fearsome visage.
Duvessa is unaffected.
The iguana looks frightened!
The ufetubus looks frightened! x2
It was a scroll of fear.
Aiming: Mindburst
Press: ? - help, Shift-Dir - straight line, f - Duvessa
Aim: Duvessa, wielding a +0 rapier and wearing a +0 scale mail (berserk, chance to affect: 47%) Duvessa's mind is blasted!
You block Duvessa's attack. Duvessa hits you with a +0 rapier!!
Ouch! That really hurt!
* * * LOW HITPOINT WARNING * * *
Aiming: Mindburst
Press: ? - help, Shift-Dir - straight line, f/p - Duvessa
Aim: Duvessa, wielding a +0 rapier and wearing a +0 scale mail (moderately wounded, berserk, chance to affect: 47%) Duvessa resists with some effort.
Duvessa hits you with a +0 rapier!
Ouch! That really hurt!
You die...

#.## ####.##.. #..#
#....... +..#
#....... #..#
#...... #..# #.....
#..##### #..#
##..##..###..#
#...<'.......#
#....#....h..#
#...##..###e.#
#...##..###..####5#
#...#........5.....
#...#........l5....
#)..+..............
##..##...##........
#### #....##..
#....# ..


You could see Duvessa (berserk), an iguana (fleeing) and 2 ufetubi.

Vanquished Creatures
  Dowan (D:4)
  An orc priest (D:3)
  An iguana (D:4)
  2 adders
  A dart slug (D:3)
  3 orcs (D:3)
  3 ball pythons
  6 endoplasms
  4 giant cockroaches
  4 goblins
  3 hobgoblins (D:1)
  A quokka (D:3)
  5 bats
  2 frilled lizards (D:1)
  2 kobolds
  2 rats
41 creatures vanquished.

Notes
Turn   | Place    | Note
-------+----------+-------------------------------------------
     0 | D:1      | Dorkslayer the Octopode Shapeshifter began the quest for
                  | the Orb.
     0 | D:1      | Reached XP level 1. HP: 13/13 MP: 1/1
     1 | D:1      | Noticed an electric eel
   115 | D:1      | Reached XP level 2. HP: 18/18 MP: 2/2
  1026 | D:2      | Reached skill level 1 in Stealth
  1026 | D:2      | Reached XP level 3. HP: 17/23 MP: 3/3
  1494 | D:3      | Found a snail-covered altar of Cheibriados.
  1494 | D:3      | Found a white marble altar of Elyvilon.
  1495 | D:3      | Found a shimmering blue altar of Sif Muna.
  1606 | D:3      | Reached skill level 4 in Unarmed Combat
  1606 | D:3      | Reached XP level 4. HP: 14/28 MP: 4/4
  2295 | D:4      | Reached XP level 5. HP: 22/33 MP: 5/5
  2296 | D:4      | Noticed Dowan
  2298 | D:4      | Noticed Duvessa
  2304 | D:4      | Killed Dowan
  2305 | D:4      | Reached skill level 5 in Unarmed Combat
  2308 | D:4      | HP: 1/33 [Duvessa/+0 rapier (19)]
  2309 | D:4      | Demolished by Duvessa

Illustrated notes

Levels and vault maps discovered:
D:1:      arrival_aquarium_a, layout_basic, serial_forest,
          infiniplex_forest_end_double, infiniplex_forest_join,
          infiniplex_forest_clump_tiny, infiniplex_forest_straight_5,
          infiniplex_forest_clump_medium, infiniplex_forest_zigzag_2,
          infiniplex_forest_clump_curved, infiniplex_forest_end_2,
          hangedman_abyss_or_decor_stabs
D:2:      layout_rooms, due_unseen_surprise
D:3:      layout_loops_corners, chequers_temple_overflow_statue_of_worship,
          ebering_dispersal_statue_hall
D:4:      layout_gridville, uniq_duvessa, uniq_sigmund, uniq_natasha

Skill      XL: |  1  2  3  4  5 |
---------------+----------------+-----
Stealth        | 1 2 3 |  3.0
Unarmed Combat | 4 5 |  5.0
Fighting       | |  1.2
Dodging        | |  2.1
Shields        | |  0.2
Shapeshifting  | |  3.4

Action                     |  1- 3 |  4- 6 || total
---------------------------+-------+-------++-------
  Melee: Unarmed           |    57 |    20 ||    77
         Constrict         |    13 |     4 ||    17
         Tentacles         |    11 |     2 ||    13
         Punch             |     3 |     1 ||     4
  Evoke: Wand              |       |     4 ||     4
    Use: Scroll            |     7 |     2 ||     9
         Potion            |       |     1 ||     1
   Stab: Sleeping          |    10 |     4 ||    14
 Armour: Skin              |    20 |    18 ||    38
  Dodge: Dodged            |    22 |    15 ||    37
  Block: Other             |     2 |     5 ||     7

Table legend: (Time is in decaauts)
 A = Elapsed time spent in this place.
 B = Non-inter-level travel time spent in this place.
 C = Inter-level travel time spent in this place.
 D = Time resting spent in this place.
 E = Time spent auto-exploring this place.
 F = Levels seen in this place.
 G = Mean time per level.
                   A        B        C        D        E       F      G
               +--------+--------+--------+--------+--------+-----+--------+
         Total |   2302 |   2302 |      0 |      0 |   1382 |   4 |  575.5 |
       Dungeon |   2302 |   2302 |      0 |      0 |   1382 |   4 |  575.5 |
               +--------+--------+--------+--------+--------+-----+--------+

Top non-repeatable levels by time:
     D:3: 941 daAuts
     D:1: 889 daAuts
     D:2: 432 daAuts
     D:4: 38 daAuts
